 Dungeon Crawl Stone Soup version 0.25.0-1-g7eea58d2a3 (webtiles) character file.

Game seed: 18312874983845176825

5041 LSt the Whirler (level 10, -5/71 HPs)
             Began as a Halfling Air Elementalist on June 14, 2020.
             Was an Elder of Cheibriados.
             Killed from afar by an orc wizard (6 damage)
             ... with a magic dart
             ... on level 9 of the Dungeon.
             The game lasted 01:08:04 (7615 turns).

LSt the Whirler (Halfling Air Elementalist)         Turns: 7615, Time: 01:08:07

Health: -5/71      AC:  4    Str: 20    XL:     10   Next: 85%
Magic:  13/13      EV: 21    Int: 23    God:    Cheibriados [****..]
Gold:   273        SH:  0    Dex: 25    Spells: 7/12 levels left

rFire    . . .     SeeInvis .   b - +1 hunting sling (vorpal)
rCold    . . .     Gourm    .   (shield restricted)
rNeg     . . .     Faith    .   o - +0 robe
rPois    .         Spirit   .   s - +2 hat
rElec    .         Reflect  .   (no cloak)
rCorr    .         Harm     .   (no gloves)
MR       +....                  (no boots)
Stlth    +++.......             (no amulet)
HPRegen  0.21/turn              J - ring of protection from magic
MPRegen  0.13/turn              (no ring)

@: stab, flying, very slow
A: small, mutation resistance 1
a: Bend Time, Temporal Distortion, Slouch, Renounce Religion


You were on level 9 of the Dungeon.
You worshipped Cheibriados.
Cheibriados was greatly pleased with you.
You were hungry.

You visited 1 branch of the dungeon, and saw 8 of its levels.

You collected 273 gold pieces.

Inventory:

Hand Weapons
 a - a +0 short sword of venom
 b - a +1 vorpal hunting sling (weapon)
 f - a +0 club
 j - a +0 dagger
 m - a +3 whip
 D - a +0 flail of pain
 F - a +2 war axe of electrocution
 I - a +0 flail of protection
 K - a +2 whip of flaming
Missiles
 i - 107 stones (quivered)
 n - 44 poisoned darts
 z - 3 curare-tipped darts
 B - 6 boomerangs
Armour
 o - a +0 robe (worn)
 s - a +2 hat (worn)
 C - a +0 leather armour
Magical Staves
 g - an uncursed staff of air {unknown}
Jewellery
 J - a ring of protection from magic (left hand)
Wands
 p - a wand of random effects (15)
 u - a wand of paralysis (7)
Scrolls
 e - a scroll of amnesia
 k - a scroll of enchant weapon
 H - 2 scrolls of remove curse
Potions
 h - 2 potions of brilliance
 l - 4 potions of might
 r - 2 potions of mutation
 t - a potion of flight
 L - a potion of heal wounds {unknown}
Comestibles
 c - 7 rations
 v - 4 chunks of flesh


   Skills:
 + Level 7.4 Fighting
 + Level 16.0 Slings
 + Level 6.4 Dodging
 - Level 4.1 Stealth
 - Level 1.5 Spellcasting
 - Level 0.7 Conjurations
   Level 0.7 Charms
 - Level 8.7 Air Magic
 + Level 5.2 Invocations


You had 7 spell levels left.
You knew the following spells:

 Your Spells              Type           Power        Failure   Level  Hunger
a - Shock                 Conj/Air       ###.         1%          1    #......
b - Airstrike             Air            #####.....   3%          4    #####..

Your spell library contained the following spells:

 Spells                   Type           Power        Failure   Level  Hunger
 Swiftness                Chrm/Air       ###.....     3%          2    ###....
 Static Discharge         Conj/Air       ###.....     6%          3    ###....
 Lightning Bolt           Conj/Air       ###.......   47%         5    ######.


Dungeon Overview and Level Annotations

Branches:
Dungeon (9/15)
 Temple: D:4-7         Lair: D:8-11         Orc: D:9-12

Altars:
Cheibriados
Nemelex Xobeh
Qazlal

Annotations:
D:4 3 runed translucent doors, AlterAsc's ghost, amateur OpTm; tensugalgo's ghost, weakling VSGl


Innate Abilities, Weirdness & Mutations

You are small and have problems with some larger weapons.
You are somewhat resistant to further mutation.


Message History

The howler monkey misses you. x2
It was a potion of stabbing.
You feel ready to backstab.
An orc wizard appears from thin air!
Reactivating autopickup.
The howler monkey closely misses you. Something hits you but does no damage.
Deactivating autopickup; reactivate with Ctrl-A.
The howler monkey hits you.
* * * LOW HITPOINT WARNING * * *
The howler monkey misses you.
The orc wizard hits you but does no damage.
An orc comes into view. It is wielding a +0 morningstar.
It was a potion of magic.
Magic courses through your body. The howler monkey barely misses you.
The howler monkey closely misses you. The howler monkey hits you.
* * * LOW HITPOINT WARNING * * *
You hear some strange, mumbled words.
A magic dart appears from out of thin air!
The magic dart hits you.
You die...

##....)..........###)... ..
###....<)........##..o# ..#
##................##..###.#
........)..........#......#
..........................#
##........#............#
##.......###......)....#
.........###....oh.....##
..#....!.......h@)......##$
..#<......#..#.{h(........#
.
##.....######..(.((........
........# #...((........##
.......... .......((.......#
..........##......(.......##
....#....###.%?...#(..#./##
....##...# #.#...###.....#
..#..# ....##


You could see 3 howler monkeys, an orc wizard and an orc.

Vanquished Creatures
  A two-headed ogre (D:9)
  Pikel (D:5)
  Grinder (D:5)
  Prince Ribbit (D:5)
  Sigmund (D:3)
  Edmund (D:5)
  Menkaure (D:4)
  A sky beast (D:5)
  An ice beast (D:5)
  An orc warrior (D:9)
  A phantom (D:5)
  4 slaves (D:5)
  4 ogres
  A centaur (D:5)
  2 bullfrogs (D:9)
  5 wights (D:9)
  2 howler monkeys
  A crimson imp (D:9)
  5 hounds
  4 orc priests
  A centaur skeleton (D:5)
  A centaur zombie (D:5)
  2 jellies (D:9)
  3 orc wizards
  An iguana (D:4)
  6 worker ants
  A gnoll (D:3)
  5 adders
  2 adder skeletons
  An adder zombie (D:5)
  6 dart slugs
  4 worms
  5 leopard geckos
  15 orcs
  3 giant cockroaches
  3 hobgoblins
  2 jackals (D:3)
  3 quokkas
  2 ball pythons
  8 bats
  7 frilled lizards
  11 goblins
  11 kobolds
  A leopard gecko skeleton (D:5)
  8 rats
151 creatures vanquished.

Notes
Turn   | Place    | Note
-------+----------+-------------------------------------------
     0 | D:1      | LSt the Halfling Air Elementalist began the quest for the
                  | Orb.
     0 | D:1      | Reached XP level 1. HP: 11/11 MP: 3/3
   500 | D:1      | Reached XP level 2. HP: 17/17 MP: 4/4
   507 | D:1      | Learned a level 2 spell: Swiftness
  1408 | D:2      | Reached XP level 3. HP: 21/21 MP: 5/5
  1545 | D:2      | Found a snail-covered altar of Cheibriados.
  1595 | D:2      | Became a worshipper of Cheibriados the Contemplative
  1765 | D:2      | Reached skill level 2 in Slings
  1765 | D:2      | Reached XP level 4. HP: 26/27 MP: 3/6
  1808 | D:2      | Reached skill level 3 in Slings
  2667 | D:3      | Reached * piety under Cheibriados
  2723 | D:3      | Noticed Sigmund
  2852 | D:3      | Reached skill level 4 in Slings
  2918 | D:3      | Reached XP level 5. HP: 31/31 MP: 1/7
  2983 | D:3      | Found a sparkling altar of Nemelex Xobeh.
  3135 | D:3      | Reached skill level 5 in Slings
  3439 | D:4      | Noticed an ogre
  3451 | D:4      | Noticed Menkaure
  3776 | D:3      | Killed Sigmund
  3776 | D:3      | Reached skill level 7 in Slings
  3776 | D:3      | Reached skill level 1 in Invocations
  3776 | D:3      | Reached XP level 6. HP: 22/36 MP: 5/8
  4264 | D:3      | Reached ** piety under Cheibriados
  4296 | D:4      | Killed an ogre
  4296 | D:4      | Reached skill level 1 in Fighting
  4296 | D:4      | Reached skill level 8 in Slings
  4296 | D:4      | Reached XP level 7. HP: 8/43 MP: 9/9
  4565 | D:4      | Reached skill level 15 in Slings
  4565 | D:4      | Reached XP level 8. HP: 58/58 MP: 10/10
  4566 | D:4      | Reached XP level 9. HP: 63/63 MP: 11/11
  4572 | D:4      | Learned a level 4 spell: Airstrike
  4803 | D:4      | Found a runed translucent gate.
  4813 | D:4      | Found a runed translucent gate.
  4814 | D:4      | Found a runed translucent gate.
  4815 | D:4      | Noticed AlterAsc's ghost (amateur OpTm)
  4815 | D:4      | Noticed tensugalgo's ghost (weakling VSGl)
  5318 | D:4      | Killed Menkaure
  5393 | D:4      | Found a stormy altar of Qazlal.
  5497 | D:5      | Entered Level 5 of the Dungeon
  5734 | D:5      | Noticed Prince Ribbit
  5969 | D:5      | Noticed Edmund
  5978 | D:5      | Killed Edmund
  6108 | D:5      | Noticed Pikel
  6265 | D:5      | Killed Pikel
  6373 | D:5      | Noticed Grinder
  6384 | D:5      | Killed Grinder
  6384 | D:5      | Reached XP level 10. HP: 71/71 MP: 1/12
  6540 | D:5      | Reached *** piety under Cheibriados
  6665 | D:5      | Killed Prince Ribbit
  7225 | D:6      | You fall into a shaft and drop 3 floors!
  7397 | D:9      | Noticed a two-headed ogre
  7411 | D:9      | Killed a two-headed ogre
  7460 | D:9      | Reached skill level 5 in Invocations
  7569 | D:9      | Reached **** piety under Cheibriados
  7583 | D:9      | Reached skill level 16 in Slings
  7615 | D:9      | HP: 1/71 [howler monkey (3)]
  7615 | D:9      | Killed from afar by an orc wizard

Illustrated notes

Levels and vault maps discovered:
D:1:      evilmike_arrival_plus, layout_basic
D:2:      layout_basic, lemuel_doored_altar, lemuel_another_geyser
D:3:      layout_basic, old_standard_altar, first_ration,
          minmay_misc_feat_hallway, minmay_fractal_squares_diagonal_5,
          uniq_sigmund
D:4:      layout_rooms, nicolae_overflow_hidden_temple,
          gammafunk_ghost_cemetery, minmay_misc_feat_secret_circle,
          uniq_menkaure
D:5:      layout_rooms, uniq_prince_ribbit1, uniq_pikel, uniq_edmund,
          uniq_grinder
D:6:      layout_basic, yredelemnul_altar_generic,
          minmay_temple_entry_glassed_door, cheibrodos_sewer_entry_bend
D:8:      layout_cave_pools, led_sif_book, tso_altar, dpeg_oklobed_lair,
          uniq_maggie
D:9:      layout_cave_pools, lightli_temple_of_fire, lightli_orcish_oven

Skill      XL: |  1  2  3  4  5  6  7  8  9 10 |
---------------+-------------------------------+-----
Air Magic      | 4 8 |  8.7
Slings         | 2 4 7 8 15 16 | 16.0
Invocations    | 1 5 |  5.2
Fighting       | 1 6 7 |  7.4
Dodging        | 6 |  6.4
Stealth        | 4 |  4.1
Spellcasting   | |  1.5
Conjurations   | |  0.7
Charms         | |  0.7

Action                   |  1- 3 |  4- 6 |  7- 9 | 10-12 || total
-------------------------+-------+-------+-------+-------++-------
Melee: Unarmed           |    10 |       |       |       ||    10
       Club              |    32 |       |       |       ||    32
       Short sword       |    27 |    45 |    11 |     2 ||    85
 Fire: Hunting sling     |     3 |    29 |    60 |   122 ||   214
Throw: Stone             |       |     2 |       |       ||     2
 Cast: Shock             |    17 |    61 |    68 |    40 ||   186
       Airstrike         |       |       |    14 |    12 ||    26
Invok: Bend Time         |       |       |       |     1 ||     1
       Temporal Distorti |       |       |       |     1 ||     1
  Use: Scroll            |       |     2 |     1 |    11 ||    14
       Potion            |       |       |     2 |     7 ||     9
 Stab: Sleeping          |     2 |     3 |       |       ||     5
  Eat: Chunk             |     3 |     7 |     4 |     5 ||    19
       Ration            |       |       |     1 |       ||     1
Armor: Robe              |     9 |    15 |     4 |    18 ||    46
Dodge: Dodged            |    74 |    52 |    36 |    96 ||   258
